 Dungeon Crawl Stone Soup version 0.30-a0-737-gf23d94013f (webtiles) character file.

Game seed: 15771424864699785257

1367 KleinerIrrer the Grappler (level 8, -1/78 HPs)
             Began as an Ogre Monk on Feb 2, 2023.
             Slain by Maggie
             ... wielding a +2 war axe of flaming
              (15 damage)
             ... on level 6 of the Dungeon.
             The game lasted 00:09:58 (5287 turns).

KleinerIrrer the Grappler (Ogre Monk)               Turns: 5287, Time: 00:09:59

Health: -1/78      AC:  8    Str: 16    XL:     8   Next: 65%
Magic:  8/8        EV: 10    Int: 13    God:
Gold:   35         SH:  0    Dex: 11    Spells: 7/7 levels left

rFire   . . .      SeeInvis .      - Unarmed
rCold   . . .      Faith    .    n - orb {light}
rNeg    + . .      Spirit   .    x - +0 animal skin
rPois   .          Reflect  .    (helmet restricted)
rElec   .          Harm     .    j - +0 cloak
rCorr   .          Rampage  .    (gloves unavailable)
Will    .....                    (boots unavailable)
Stlth   +                        (no amulet)
HPRegen 0.33/turn                e - ring of positive energy
MPRegen 0.11/turn                t - +4 ring of protection

@: mighty, mesmerised, hasted, glowing, very quick
A: large, unfitting armour, tough skin 1
a: no special abilities


You were on level 6 of the Dungeon.
You visited 1 branch of the dungeon, and saw 6 of its levels.

You collected 299 gold pieces.
You spent 264 gold pieces at shops.

Inventory:

Missiles
 c - 6 poisoned darts (quivered)
Armour
 j - a +0 cloak (worn)
 n - an orb of light (worn)
 x - a +0 animal skin (worn)
Jewellery
 a - the amulet "Egaak" {RegenMP *Slow Str+7}
   (You bought it in a shop on level 4 of the Dungeon)

   [amulet of magic regeneration]

   It increases your rate of magic regeneration.
   Str:       It affects your strength (+7).
   *Slow:     It may slow you when you take damage.
 e - a ring of positive energy (left hand)
 h - a ring of flight
 t - a +4 ring of protection (right hand)
Wands
 v - a wand of roots (8)
 y - a wand of flame (17)
Scrolls
 d - 2 scrolls of fog {unknown}
 f - a scroll of noise {unknown}
 g - a scroll of silence {unknown}
 i - a scroll of blinking {unknown}
 l - a scroll of magic mapping {unknown}
 o - 3 scrolls of teleportation {unknown}
 r - a scroll of poison {unknown}
 s - a scroll of vulnerability {unknown}
 u - a scroll of fear
 w - a scroll of amnesia {unknown}
 A - a scroll of identify
 C - a scroll of butterflies {unknown}
Potions
 b - a potion of ambrosia
 k - 5 potions of might
 m - a potion of berserk rage
 p - 4 potions of curing
 q - a potion of flight
 B - 2 potions of brilliance
 D - a potion of resistance {unknown}
 E - a potion of heal wounds {unknown}


   Skills:
 - Level 4.0 Fighting
 - Level 2.6 Dodging
 - Level 1.4 Stealth
 + Level 9.9 Unarmed Combat


You had 7 spell levels left.
You didn't know any spells.
Your spell library contained the following spells:

 Spells                   Type           Power      Damage    Failure   Level
 Apportation              Tloc           0%         N/A       30%         1
 Shock                    Conj/Air       0%         1d3       30%         1
 Ensorcelled Hibernation  Hex/Ice        0%         N/A       43%         2
 Passwall                 Tmut/Erth      0%         N/A       43%         2
 Swiftness                Air            0%         N/A       67%         3
 Airstrike                Air            0%         2d(0-16)  97%         4
 Alistair's Intoxication  Tmut/Pois      0%         N/A       100%        5


Dungeon Overview and Level Annotations

Branches:
Dungeon (6/15)
 Temple: D:4-7

Altars:
Ashenzari
Gozag
Sif Muna
Wu Jian

Shops:
D:4 *   D:5 (

Annotations:
D:3 1 runed translucent door, Crazy Yiuf
D:6 Maggie


Innate Abilities, Weirdness & Mutations

You are too large for most types of armour.
You have tough skin. (AC +1)


Message History

k - 6 potions of might (gained 2)
E - an orange potion Maggie the Vainglorious comes into view.
She is wielding a +2 war axe of flaming.
Maggie shouts!
Maggie hits you with a +2 war axe of flaming!
Maggie burns you.
You barely miss Maggie. You punch Maggie!
Maggie is lightly wounded.
Maggie gestures at you while chanting. The bolt of fire hits you!!
You are too injured to fight recklessly!
You are too injured to fight recklessly!
You feel yourself speed up.
Maggie hits you with a +2 war axe of flaming.
* * * LOW HITPOINT WARNING * * *
Maggie burns you.
* * * LOW HITPOINT WARNING * * *
Okay, then.
You hit Maggie.
Maggie is lightly wounded.
Maggie gestures wildly while chanting.
Maggie attempts to bespell you!
You are mesmerised by Maggie!
You hit Maggie but do no damage.
Maggie is lightly wounded.
You hit Maggie.
Maggie is moderately wounded.
Maggie hits you with a +2 war axe of flaming.
* * * LOW HITPOINT WARNING * * *
Maggie burns you.
* * * LOW HITPOINT WARNING * * *
You feel very mighty all of a sudden. Maggie closely misses you.
You punch Maggie!
Maggie is heavily wounded.
You punch Maggie!
Maggie is severely wounded.
Maggie hits you with a +2 war axe of flaming!
You die...

##.# #######.....#
##.# #.........#.#
##.####.#####.....#
##.......(........#
.....>..#####..#..##
##..##### #..#...#
##### ####. ##..#
......##..###.#
###.@@......# ######
###...##### #....#
#...# #####.##.#
#..)#
....)....#######...#
##..#.#............#
#..#......####..#..#
#..#..###.####..##.#
#.....# #.......##.#


You could see Maggie (mesmerising).

Vanquished Creatures
  Sigmund (D:6)
  A sky beast (D:4)
  A black bear (D:4)
  An ogre (D:5)
  A centaur (D:4)
  A phantom (D:6)
  Blork the orc (D:4)
  A necrophage (D:6)
  A gnoll sergeant (D:6)
  A howler monkey (D:4)
  2 hounds
  Jessica (D:3)
  3 iguanas
  Terence (D:2)
  2 orc wizards
  Robin (D:3)
  11 gnolls
  7 adders
  2 white imps (D:5)
  An ufetubus (D:5)
  2 worms (D:2)
  3 dart slugs
  10 orcs
  4 bats (D:2)
  3 endoplasms
  2 giant cockroaches
  16 goblins
  6 hobgoblins
  3 jackals (D:1)
  4 quokkas
  5 ball pythons
  2 frilled lizards
  8 kobolds
  7 rats
116 creatures vanquished.

Notes
Turn   | Place    | Note
-------+----------+-------------------------------------------
     0 | D:1      | KleinerIrrer the Ogre Monk began the quest for the Orb.
     0 | D:1      | Reached XP level 1. HP: 24/24 MP: 1/1
   107 | D:1      | Reached skill level 3 in Unarmed Combat
   151 | D:1      | Reached XP level 2. HP: 25/32 MP: 2/2
   525 | D:1      | Found a faded altar of an unknown god.
   956 | D:2      | Reached XP level 3. HP: 39/39 MP: 3/3
  1204 | D:2      | Reached skill level 4 in Unarmed Combat
  1349 | D:2      | Noticed Terence
  1367 | D:2      | Killed Terence
  1368 | D:2      | Reached XP level 4. HP: 7/48 MP: 4/4
  2052 | D:3      | Reached skill level 5 in Unarmed Combat
  2052 | D:3      | Reached XP level 5. HP: 54/54 MP: 5/5
  2155 | D:3      | Noticed Jessica
  2164 | D:3      | Killed Jessica
  2185 | D:3      | Found a runed translucent door.
  2186 | D:3      | Noticed Crazy Yiuf
  2235 | D:3      | Found an ornate altar of the Wu Jian Council.
  2756 | D:4      | Noticed a black bear
  2770 | D:4      | Killed a black bear
  2771 | D:4      | Reached skill level 6 in Unarmed Combat
  2771 | D:4      | Reached XP level 6. HP: 29/62 MP: 6/6
  2779 | D:4      | Noticed a black bear
  2800 | D:4      | Noticed Robin
  2920 | D:3      | Killed Robin
  2964 | D:4      | Found Fuhehan's Assorted Antiques.
  2971 | D:4      | Bought a coiled lead amulet for 150 gold pieces
  2971 | D:4      | Identified the amulet "Egaak" {RegenMP *Slow Str+7} (You
                  | bought it in a shop on level 4 of the Dungeon)
  3020 | D:4      | Noticed Blork the orc
  3098 | D:4      | Killed Blork the orc
  3191 | D:4      | Reached skill level 7 in Unarmed Combat
  3191 | D:4      | Reached XP level 7. HP: 42/70 MP: 7/7
  3457 | D:4      | You fall into a shaft and drop 2 floors!
  3474 | D:6      | Noticed Sigmund
  3485 | D:6      | Killed Sigmund
  3486 | D:6      | Reached skill level 8 in Unarmed Combat
  3540 | D:6      | Found a broken altar of Ashenzari.
  3698 | D:6      | Reached XP level 8. HP: 71/78 MP: 8/8
  3701 | D:6      | Found a shimmering blue altar of Sif Muna.
  3858 | D:6      | Reached skill level 9 in Unarmed Combat
  3864 | D:5      | Entered Level 5 of the Dungeon
  4423 | D:4      | Bought a scroll labelled IRIOGI VALUZA for 30 gold pieces
  4423 | D:4      | Bought a murky orange potion for 27 gold pieces
  4423 | D:4      | Bought a scroll labelled UGUOGR OLOZASO for 30 gold pieces
  4423 | D:4      | Bought a pink potion for 27 gold pieces
  4849 | D:5      | Found Pisuigra's Antique Weapon Boutique.
  5065 | D:5      | Found an opulent altar of Gozag.
  5277 | D:6      | Noticed Maggie
  5287 | D:6      | Slain by Maggie

Illustrated notes

Levels and vault maps discovered:
D:1:      nzn_arrival_crosshair, layout_basic,
          ebering_ecumenical_altar_abandoned
D:2:      layout_loops_ring, uniq_terence
D:3:      layout_basic, nicolae_wu_jian_wuxing_cycle, uniq_crazy_yiuf_cottage,
          uniq_jessica
D:4:      layout_cave_pools, trog_ov_bears_minmay, temple_green, serial_shops,
          nicolae_stop_n_shop_2, uniq_robin, uniq_blork_the_orc
D:5:      layout_basic, grunt_gozag_breadcrumbs, serial_shops,
          nicolae_shop_trees
D:6:      layout_loops_ring, mainiacjoe_overflow_tiny_flanked,
          mainiacjoe_overflow_concentric_impassable, kennysheep_vampire_church,
          kennysheep_generic_room_14, uniq_sigmund, uniq_maggie

Skill      XL: |  1  2  3  4  5  6  7  8 |
---------------+-------------------------+-----
Unarmed Combat | 3 4 5 6 7 8 9 |  9.9
Fighting       | |  4.0
Dodging        | |  2.6
Stealth        | |  1.4

Action                     |  1- 3 |  4- 6 |  7- 9 || total
---------------------------+-------+-------+-------++-------
  Melee: Unarmed           |   126 |   186 |   142 ||   454
         Punch             |     1 |       |       ||     1
    Use: Potion            |     5 |       |     2 ||     7
         Scroll            |       |     2 |     2 ||     4
 Armour: Robe              |    37 |    50 |       ||    87
         Animal skin       |       |    17 |    32 ||    49
  Dodge: Dodged            |    48 |    93 |    46 ||   187

Table legend: (Time is in decaauts)
 A = Elapsed time spent in this place.
 B = Non-inter-level travel time spent in this place.
 C = Inter-level travel time spent in this place.
 D = Time resting spent in this place.
 E = Time spent auto-exploring this place.
 F = Levels seen in this place.
 G = Mean time per level.
                   A        B        C        D        E       F      G
               +--------+--------+--------+--------+--------+-----+--------+
         Total |   5247 |   5022 |    225 |    781 |   3258 |   6 |  874.5 |
       Dungeon |   5247 |   5022 |    225 |    781 |   3258 |   6 |  874.5 |
               +--------+--------+--------+--------+--------+-----+--------+

Top non-repeatable levels by time:
     D:5: 1226 daAuts
     D:2: 1115 daAuts
     D:3: 1038 daAuts
     D:1: 863 daAuts
     D:6: 574 daAuts
     D:4: 429 daAuts
